 Dungeon Crawl Stone Soup version 0.29-a0-338-g1ff7896281 (webtiles) character file.

Game seed: 5590788301019705771

131 Jortsu the Cudgeller (level 4, -7/45 HPs)
             Began as a Troll Fighter on Apr 19, 2022.
             Was a Follower of Cheibriados.
             Killed by divine providence
             ... invoked by an orc priest
              (15 damage)
             ... on level 3 of the Dungeon.
             The game lasted 00:02:18 (1685 turns).

Jortsu the Cudgeller (Troll Fighter)                Turns: 1685, Time: 00:02:19

Health: -7/45      AC:  4    Str: 28    XL:     4   Next: 91%
Magic:  3/3        EV:  9    Int:  6    God:    Cheibriados [*.....]
Gold:   141        SH:  7    Dex: 11    Spells: 3/3 levels left

rFire   . . .      SeeInvis .   a - +1 flail
rCold   . . .      Faith    .   c - +0 kite shield
rNeg    . . .      Spirit   .   b - +0 robe
rPois   .          Reflect  .   (helmet restricted)
rElec   .          Harm     .   (no cloak)
rCorr   .          Rampage  .   (gloves unavailable)
Will    .....                   (boots unavailable)
Stlth   +.........              (no amulet)
HPRegen 0.95/turn               (no ring)
MPRegen 0.08/turn               (no ring)

@: very slow
A: large, unfitting armour, claws 3, regeneration 1, shaggy fur 1, tough skin 1
a: Renounce Religion, Bend Time


You were on level 3 of the Dungeon.
You worshipped Cheibriados.
Cheibriados was aware of your devotion.
You visited 1 branch of the dungeon, and saw 3 of its levels.

You collected 141 gold pieces.

Inventory:

Hand Weapons
 a - a +1 flail (weapon)
Armour
 b - a +0 robe (worn)
 c - a +0 kite shield (worn)
Scrolls
 h - a scroll of identify
 m - a scroll of teleportation {unknown}
 n - a scroll of enchant armour {unknown}
Potions
 d - a potion of might
 e - a potion of heal wounds
 f - a potion of ambrosia {unknown}
 g - a potion of cancellation
 i - a potion of haste {unknown}
 j - a potion of magic {unknown}
 k - a potion of flight {unknown}
 l - a potion of degeneration {unknown}


   Skills:
 + Level 3.0 Fighting
 + Level 3.2 Maces & Flails
 + Level 3.1 Dodging
 + Level 0.1 Stealth
 + Level 2.8 Shields


You had 3 spell levels left.
You didn't know any spells.
Your spell library was empty.

Dungeon Overview and Level Annotations

Branches:
Dungeon (3/15)

Altars:
Cheibriados


Innate Abilities, Weirdness & Mutations

You are too large for most types of armour.
You have claws for hands.
Your natural rate of healing is unusually fast.
You are covered in fur. (AC +1)
You have tough skin. (AC +1)


Message History

The orc priest hits you with a +0 hand axe!
An orc comes into view. It is wielding a +0 hand axe.
Things that are here:
a +0 whip; a +0 ring mail You hit the orc priest.
The orc priest is moderately wounded.
The orc priest hits you with a +0 hand axe.
The orc priest completely misses you.
You closely miss the orc priest.
The orc priest is moderately wounded.
The orc priest looks braver for a moment.
You hit the orc priest.
The orc priest is severely wounded.
You block the orc priest's attack.
The orc priest invokes the aid of Beogh against you.
Beogh smites you!
You barely miss the orc priest.
The orc priest is severely wounded.
You barely miss the orc. The orc priest closely misses you.
The orc hits you with a +0 hand axe.
You hit the orc.
The orc is heavily wounded.
You block the orc priest's attack. The orc misses you.
You block the orc's attack.
The orc priest calls down the wrath of Beogh upon you.
Beogh smites you!
You barely miss the orc priest.
The orc priest is severely wounded.
You block the orc priest's attack. You block the orc's attack.
You closely miss the orc priest.
The orc priest is severely wounded.
The orc priest hits you with a +0 hand axe.
* * * LOW HITPOINT WARNING * * *
The orc hits you with a +0 hand axe.
* * * LOW HITPOINT WARNING * * *
You barely miss the orc priest.
The orc priest is severely wounded.
The orc priest calls down the wrath of Beogh upon you.
Beogh smites you!
You die...

#.# ... #.# [.. #.#
... #.# #.# #.######
##......#
#.......######
#..........@o#
#.......#.##o#
#.......'..#.####.#.#
#.......####.........
##>.........(####.#.#
#.#########.# #.#


oo............. #.# .#####.#####!#. #.# #. You could see an orc priest and an
orc.

Vanquished Creatures
  A bullfrog (D:3)
  An adder (D:3)
  A gnoll (D:1)
  2 dart slugs (D:2)
  An orc (D:3)
  3 ball pythons
  3 bats
  5 endoplasms
  3 giant cockroaches
  5 goblins
  6 hobgoblins
  3 kobolds
  2 quokkas (D:1)
  3 frilled lizards
  6 rats
45 creatures vanquished.

Notes
Turn   | Place    | Note
-------+----------+-------------------------------------------
     0 | D:1      | Jortsu the Troll Fighter began the quest for the Orb.
     0 | D:1      | Reached XP level 1. HP: 22/22 MP: 0/0
   119 | D:1      | Reached XP level 2. HP: 19/29 MP: 1/1
   471 | D:1      | Reached XP level 3. HP: 36/36 MP: 2/2
  1491 | D:3      | Noticed a bullfrog
  1498 | D:3      | Killed a bullfrog
  1499 | D:3      | Reached XP level 4. HP: 22/44 MP: 3/3
  1556 | D:3      | Found a faded altar of an unknown god.
  1575 | D:3      | Prayed at the altar of an unknown god.
  1575 | D:3      | Became a worshipper of Cheibriados the Contemplative
  1575 | D:3      | Reached * piety under Cheibriados
  1685 | D:3      | Killed from afar by an orc priest

Illustrated notes

Levels and vault maps discovered:
D:1:      dpeg_arrival_tiny_i, layout_basic
D:2:      layout_basic
D:3:      layout_basic, hellmonk_ecumenical_altar_lost_god,
          dreamdust_princess_bridge

Skill      XL: |  1  2  3  4 |
---------------+-------------+-----
Maces & Flails | 2 3 |  3.2
Dodging        | 3 |  3.1
Fighting       | 3 |  3.0
Stealth        | |  0.1
Shields        | |  2.8

Action                   |  1- 3 |  4- 6 || total
-------------------------+-------+-------++-------
Melee: Flail             |    76 |    57 ||   133
  Use: Scroll            |     6 |       ||     6
 Stab: Sleeping          |     1 |       ||     1
Armor: Robe              |    26 |    19 ||    45
Dodge: Dodged            |    26 |    30 ||    56
Block: Kite shield       |    26 |    22 ||    48

Table legend: (Time is in decaauts)
 A = Elapsed time spent in this place.
 B = Non-inter-level travel time spent in this place.
 C = Inter-level travel time spent in this place.
 D = Time resting spent in this place.
 E = Time spent auto-exploring this place.
 F = Levels seen in this place.
 G = Mean time per level.
                   A        B        C        D        E       F      G
               +--------+--------+--------+--------+--------+-----+--------+
         Total |   1763 |   1734 |     29 |     20 |   1279 |   3 |  587.7 |
       Dungeon |   1763 |   1734 |     29 |     20 |   1279 |   3 |  587.7 |
               +--------+--------+--------+--------+--------+-----+--------+

Top non-repeatable levels by time:
     D:2: 753 daAuts
     D:1: 745 daAuts
     D:3: 265 daAuts
